TOP OF THE 1ST |
Alloway Halberds batting - Pitching for Ellenburg Fighting Dachsunds : RHP Bob Baker
|
Pitching: RHP Bob Baker
|
|
Batting: RHB Juan Salinas
|
0-0: Called Strike 0-1: Called Strike 0-2: Ball 1-2: Fly out, F6 (Popup, 56D)
|
Batting: RHB Sung-min Pae
|
0-0: Ball 1-0: Ball 2-0: Ground out 1-3 (Groundball, P)
|
Batting: RHB Christovăo Galho
|
0-0: Called Strike 0-1: Ball 1-1: Ball 2-1: Ground out 1-3 (Groundball, 13)
|
Top of the 1st over - 0 run(s), 0 hit(s), 0 error(s), 0 left on base; Alloway 0 - Ellenburg 0 |
BOTTOM OF THE 1ST |
Ellenburg Fighting Dachsunds batting - Pitching for Alloway Halberds : RHP Craig Whitney
|
Pitching: RHP Craig Whitney
|
|
Batting: LHB Aquiles Marmelo
|
0-0: Ball 1-0: Called Strike 1-1: Swinging Strike 1-2: Foul Ball, location: 2F 1-2: Ball 2-2: Ball 3-2: Base on Balls
|
Batting: RHB Juan Ramos
|
0-0: Ball 1-0: Fly out, F4 (Popup, 34)
|
Batting: RHB Ed Adams
|
0-0: Ball Wild Pitch! Aquiles Marmelo to second 1-0: Ball 2-0: Ball 3-0: Called Strike 3-1: Called Strike 3-2: Base on Balls
|
Batting: RHB Preston Hernández
|
0-0: Foul Ball, location: 2F 0-1: Called Strike Aquiles Marmelo steals 3rd base Ed Adams to second 0-2: Strikes out swinging
|
Batting: RHB Meka Knight
|
0-0: Ball 1-0: Ball 2-0: Ball 3-0: Base on Balls
|
Batting: RHB José Vázquez
|
0-0: Reached on error, E1 (Groundball, 13S) Aquiles Marmelo scores Ed Adams to third Meka Knight to second
|
Batting: RHB William Walls
|
0-0: Called Strike 0-1: Ball 1-1: DOUBLE (Line Drive, 89M) Ed Adams scores Meka Knight scores José Vázquez to third
|
Batting: RHB Marty Jennings
|
0-0: Called Strike 0-1: SINGLE (Groundball, 3D) José Vázquez scores William Walls to third Runner from 3rd tries for Home, SAFE, no throw
|
Batting: RHB Ron Johnston
|
0-0: Called Strike 0-1: Swinging Strike 0-2: Ball Marty Jennings is caught stealing 2nd base
|
Bottom of the 1st over - 5 run(s), 2 hit(s), 1 error(s), 0 left on base; Alloway 0 - Ellenburg 5 |
TOP OF THE 2ND |
Alloway Halberds batting - Pitching for Ellenburg Fighting Dachsunds : RHP Bob Baker
|
Batting: RHB Jarred Morgan
|
0-0: Ball 1-0: SINGLE (Groundball, 4MD)
|
Batting: RHB Alfredo Chávez
|
0-0: Called Strike 0-1: Ball 1-1: Swinging Strike 1-2: Ball 2-2: Foul Ball, location: 2F 2-2: Foul Ball, location: 2F 2-2: Foul Ball, location: 2F 2-2: Ball 3-2: Foul Ball, location: 2F 3-2: Foul Ball, location: 2F 3-2: Strikes out swinging Jarred Morgan steals 2nd base Batter strikes out.
|
Batting: RHB Jonathan Cundall
|
0-0: Ball 1-0: Ground out 1-3 (Groundball, 15S)
|
Batting: SHB Ron Peterson
|
0-0: Ball 1-0: Called Strike 1-1: Called Strike 1-2: Ball 2-2: Foul Ball, location: 2F 2-2: Foul Ball, location: 2F 2-2: Strikes out swinging
|
Top of the 2nd over - 0 run(s), 1 hit(s), 0 error(s), 1 left on base; Alloway 0 - Ellenburg 5 |
BOTTOM OF THE 2ND |
Ellenburg Fighting Dachsunds batting - Pitching for Alloway Halberds : RHP Craig Whitney
|
Batting: RHB Ron Johnston
|
0-0: SINGLE (Line Drive, 34)
|
Batting: LHB Aquiles Marmelo
|
0-0: Ball 1-0: Swinging Strike 1-1: Foul Ball, location: 2F 1-2: Ball 2-2: Foul Ball, location: 2F 2-2: Ball 3-2: SINGLE (Line Drive, 3S) Ron Johnston to second
|
Batting: RHB Juan Ramos
|
0-0: Grounds into double play, 6-4-3 (Groundball, 6) Ron Johnston to third
|
Batting: RHB Ed Adams
|
0-0: Called Strike 0-1: Ball 1-1: Ball 2-1: Ball 3-1: SINGLE (Flyball, 9LS) Ron Johnston scores
|
Batting: RHB Preston Hernández
|
0-0: Called Strike Ed Adams is caught stealing 2nd base
|
Bottom of the 2nd over - 1 run(s), 3 hit(s), 0 error(s), 0 left on base; Alloway 0 - Ellenburg 6 |
TOP OF THE 3RD |
Alloway Halberds batting - Pitching for Ellenburg Fighting Dachsunds : RHP Bob Baker
|
Batting: LHB Esteban Casillas
|
0-0: Ground out 5-3 (Groundball, 5S)
|
Batting: RHB Jorge López
|
0-0: Foul Ball, location: 2F 0-1: Fly out, F8 (Flyball, 8LM)
|
Batting: RHB Juan Salinas
|
0-0: Fly out, F9 (Flyball, 9S)
|
Top of the 3rd over - 0 run(s), 0 hit(s), 0 error(s), 0 left on base; Alloway 0 - Ellenburg 6 |
BOTTOM OF THE 3RD |
Ellenburg Fighting Dachsunds batting - Pitching for Alloway Halberds : RHP Craig Whitney
|
Batting: RHB Preston Hernández
|
0-0: Fly out, F9 (Flyball, 9LS)
|
Batting: RHB Meka Knight
|
0-0: Ball 1-0: Ball 2-0: Called Strike 2-1: SOLO HOME RUN (Flyball, 7LD), Distance : 363 ft
|
Pitching: LHP Jim Unknown
|
|
Batting: RHB José Vázquez
|
0-0: Ground out 1-3 (Groundball, 13)
|
Batting: RHB William Walls
|
0-0: Ball 1-0: Swinging Strike 1-1: Called Strike 1-2: Fly out, F8 (Flyball, 8LM)
|
Bottom of the 3rd over - 1 run(s), 1 hit(s), 0 error(s), 0 left on base; Alloway 0 - Ellenburg 7 |
TOP OF THE 4TH |
Alloway Halberds batting - Pitching for Ellenburg Fighting Dachsunds : RHP Bob Baker
|
Batting: RHB Sung-min Pae
|
0-0: Ball 1-0: Ball 2-0: Foul Ball, location: 2F 2-1: Fly out, F4 (Line Drive, 4)
|
Batting: RHB Christovăo Galho
|
0-0: Called Strike 0-1: TRIPLE (Line Drive, 8LM)
|
Batting: RHB Jarred Morgan
|
0-0: Ball 1-0: Ball 2-0: Ball 3-0: Base on Balls
|
Batting: RHB Alfredo Chávez
|
0-0: Ball 1-0: Fly out, F8 (Flyball, 8RD) Runner from 3rd tags up, SCORES, no throw
|
Batting: RHB Jonathan Cundall
|
0-0: Ball 1-0: Foul Ball, location: 2F 1-1: Foul Ball, location: 2F 1-2: Fly out, F7 (Flyball, 78D)
|
Top of the 4th over - 1 run(s), 1 hit(s), 0 error(s), 1 left on base; Alloway 1 - Ellenburg 7 |
BOTTOM OF THE 4TH |
Ellenburg Fighting Dachsunds batting - Pitching for Alloway Halberds : LHP Jim Unknown
|
Batting: RHB Marty Jennings
|
0-0: Ball 1-0: Swinging Strike 1-1: Ground out 5-3 (Groundball, 56)
|
Batting: RHB Ron Johnston
|
0-0: Ball 1-0: Ball 2-0: Ball 3-0: Base on Balls
|
Batting: LHB Aquiles Marmelo
|
0-0: Ball 1-0: Called Strike 1-1: Ball 2-1: Fly out, F3 (Line Drive, 3S)
|
Batting: RHB Juan Ramos
|
0-0: Ball 1-0: Called Strike 1-1: Fielders Choice at 2nd, 5-4 (Groundball, 5L)
|
Bottom of the 4th over - 0 run(s), 0 hit(s), 0 error(s), 0 left on base; Alloway 1 - Ellenburg 7 |
TOP OF THE 5TH |
Alloway Halberds batting - Pitching for Ellenburg Fighting Dachsunds : RHP Bob Baker
|
Batting: SHB Ron Peterson
|
0-0: Ball 1-0: Called Strike 1-1: Foul Ball, location: 2F 1-2: Fly out, F5 (Popup, 5S)
|
Batting: LHB Esteban Casillas
|
0-0: Ball 1-0: Ball 2-0: Ground out U3 (Groundball, 23)
|
Batting: RHB Jorge López
|
0-0: Called Strike 0-1: Foul Ball, location: 2F 0-2: DOUBLE (Flyball, 89D)
|
Batting: RHB Juan Salinas
|
0-0: Ball 1-0: Ground out 5-3 (Groundball, 5)
|
Top of the 5th over - 0 run(s), 1 hit(s), 0 error(s), 1 left on base; Alloway 1 - Ellenburg 7 |
BOTTOM OF THE 5TH |
Ellenburg Fighting Dachsunds batting - Pitching for Alloway Halberds : LHP Jim Unknown
|
Batting: RHB Ed Adams
|
0-0: Called Strike 0-1: Foul Ball, location: 2F 0-2: Ball 1-2: Strikes out swinging
|
Batting: RHB Preston Hernández
|
0-0: Ball 1-0: Ball 2-0: Fly out, F9 (Flyball, 9LS)
|
Batting: RHB Meka Knight
|
0-0: Ground out 5-3 (Groundball, 56S)
|
Bottom of the 5th over - 0 run(s), 0 hit(s), 0 error(s), 0 left on base; Alloway 1 - Ellenburg 7 |
TOP OF THE 6TH |
Alloway Halberds batting - Pitching for Ellenburg Fighting Dachsunds : RHP Bob Baker
|
Batting: RHB Sung-min Pae
|
0-0: Foul Ball, location: 2F 0-1: Foul Ball, location: 2F 0-2: Foul Ball, location: 2F 0-2: DOUBLE (Line Drive, 8LD)
|
Pitching: RHP Artie Chávez
|
|
Batting: RHB Christovăo Galho
|
0-0: SINGLE (Groundball, 34D) Sung-min Pae to third
|
Batting: RHB Jarred Morgan
|
0-0: Ball 1-0: Fielders Choice at 2nd, 6-4 (Groundball, 6) Sung-min Pae scores
|
Batting: RHB Alfredo Chávez
|
0-0: Ball 1-0: Foul Ball, location: 2F 1-1: Swinging Strike 1-2: Fly out, F7 (Flyball, 7LSF)
|
Batting: RHB Jonathan Cundall
|
0-0: Ball 1-0: Ball 2-0: Foul Ball, location: 2F 2-1: Foul Ball, location: 2F 2-2: Ball 3-2: Foul Ball, location: 2F 3-2: SINGLE (Flyball, 8RS) Jarred Morgan to second Jarred Morgan to third
|
Batting: SHB Ron Peterson
|
0-0: Ball 1-0: Foul Ball, location: 2F 1-1: Ball 2-1: Foul Ball, location: 2F 2-2: Ground out 6-3 (Groundball, 6S)
|
Top of the 6th over - 1 run(s), 3 hit(s), 0 error(s), 2 left on base; Alloway 2 - Ellenburg 7 |
BOTTOM OF THE 6TH |
Ellenburg Fighting Dachsunds batting - Pitching for Alloway Halberds : LHP Jim Unknown
|
Batting: RHB José Vázquez
|
0-0: SINGLE (Flyball, 89S)
|
Batting: RHB William Walls
|
0-0: Grounds into double play, 5-4-3 (Groundball, 56)
|
Batting: RHB Marty Jennings
|
0-0: Ball 1-0: Called Strike 1-1: Ball 2-1: SINGLE (Flyball, 9LS) - OUT at second base trying to stretch hit.
|
Bottom of the 6th over - 0 run(s), 2 hit(s), 0 error(s), 0 left on base; Alloway 2 - Ellenburg 7 |
TOP OF THE 7TH |
Alloway Halberds batting - Pitching for Ellenburg Fighting Dachsunds : RHP Artie Chávez
|
Now at 1B: Ismael Cabrera
|
|
Batting: LHB Esteban Casillas
|
0-0: Ball 1-0: Ground out U3 (Groundball, 34)
|
Batting: RHB Jorge López
|
0-0: Foul Ball, location: 2F 0-1: Foul Ball, location: 2F 0-2: Foul Ball, location: 2F 0-2: Foul Ball, location: 2F 0-2: Foul Ball, location: 2F 0-2: Foul Ball, location: 2F 0-2: Ball 1-2: Foul Ball, location: 2F 1-2: Ball 2-2: Foul Ball, location: 2F 2-2: Strikes out looking
|
Batting: RHB Juan Salinas
|
0-0: Fly out, F4 (Popup, 4)
|
Top of the 7th over - 0 run(s), 0 hit(s), 0 error(s), 0 left on base; Alloway 2 - Ellenburg 7 |
BOTTOM OF THE 7TH |
Ellenburg Fighting Dachsunds batting - Pitching for Alloway Halberds : LHP Jim Unknown
|
Batting: RHB Ron Johnston
|
0-0: Ball 1-0: Foul Ball, location: 2F 1-1: Ball 2-1: Foul Ball, location: 2F 2-2: Ball 3-2: Ground out 6-3 (Groundball, 56)
|
Batting: LHB Aquiles Marmelo
|
0-0: Fly out, F8 (Flyball, 8LM)
|
Batting: RHB Juan Ramos
|
0-0: Foul Ball, location: 2F 0-1: Ball 1-1: Ball 2-1: Ball 3-1: Foul Ball, location: 2F 3-2: Base on Balls
|
Batting: RHB Ed Adams
|
0-0: Ball 1-0: Fly out, F9 (Flyball, 9LMF)
|
Bottom of the 7th over - 0 run(s), 0 hit(s), 0 error(s), 1 left on base; Alloway 2 - Ellenburg 7 |
TOP OF THE 8TH |
Alloway Halberds batting - Pitching for Ellenburg Fighting Dachsunds : RHP Artie Chávez
|
Now at 2B: Michael Taylor
|
|
Batting: RHB Sung-min Pae
|
0-0: Ball 1-0: Ball 2-0: Ball 3-0: Called Strike 3-1: Called Strike 3-2: Fly out, F5 (Popup, 56)
|
Pitching: RHP Jim Unknown
|
|
Batting: RHB Christovăo Galho
|
0-0: Ball 1-0: Swinging Strike 1-1: SINGLE (Groundball, 4MD)
|
Batting: RHB Jarred Morgan
|
0-0: Ball 1-0: Grounds into double play, 5-4-3 (Groundball, 5)
|
Top of the 8th over - 0 run(s), 1 hit(s), 0 error(s), 0 left on base; Alloway 2 - Ellenburg 7 |
BOTTOM OF THE 8TH |
Ellenburg Fighting Dachsunds batting - Pitching for Alloway Halberds : LHP Jim Unknown
|
Batting: RHB Preston Hernández
|
0-0: Ball 1-0: Ball 2-0: Ball 3-0: Base on Balls
|
Pitching: RHP Jim Unknown
|
|
Batting: RHB Meka Knight
|
0-0: Called Strike 0-1: Ball 1-1: Ball 2-1: Grounds into double play, 6-4-3 (Groundball, 6)
|
Batting: LHB Ismael Cabrera
|
0-0: Ball 1-0: Ball 2-0: Ball 3-0: Base on Balls
|
Batting: RHB William Walls
|
0-0: Foul Ball, location: 2F 0-1: Ball 1-1: SINGLE (Groundball, 6MD) Ismael Cabrera to second
|
Batting: RHB Marty Jennings
|
0-0: Called Strike 0-1: Ball 1-1: Swinging Strike 1-2: Ball 2-2: Foul Ball, location: 2F 2-2: Ball 3-2: Strikes out looking
|
Bottom of the 8th over - 0 run(s), 1 hit(s), 0 error(s), 2 left on base; Alloway 2 - Ellenburg 7 |
TOP OF THE 9TH |
Alloway Halberds batting - Pitching for Ellenburg Fighting Dachsunds : RHP Jim Unknown
|
Batting: RHB Alfredo Chávez
|
0-0: Ball 1-0: Fly out, F4 (Line Drive, 4M)
|
Batting: RHB Jonathan Cundall
|
0-0: Called Strike 0-1: Ball 1-1: Fly out, F8 (Flyball, 89D)
|
Batting: SHB Ron Peterson
|
0-0: Ball 1-0: Ball 2-0: Swinging Strike 2-1: Called Strike 2-2: Ball 3-2: Foul Ball, location: 2F 3-2: Fly out, F8 (Flyball, 78M)
|
Top of the 9th over - 0 run(s), 0 hit(s), 0 error(s), 0 left on base; Alloway 2 - Ellenburg 7 |
|